PL
CHICAGO SILVER SOX @ CHARLESTON BATTERY
09/24/2038
 
TOP OF THE 1ST
Chicago Silver Sox batting - Pitching for Charleston Battery : LHP Hildebrand Michielsen
Pitching: LHP Hildebrand Michielsen
Batting: RHB Loring Rommel 0-0: Called Strike
0-1: Ball
1-1: Called Strike
1-2: Foul Ball, location: 2F
1-2: SINGLE (Line Drive, 6D, EV 93.8 MPH)
Batting: LHB Jonathan Gunner 0-0: Ball
1-0: Ball
2-0: SINGLE (Groundball, 4MD, EV 100.6 MPH)
Loring Rommel to second
Runner from 2nd tries for 3rd, SAFE after rundown.
Batting: RHB Melvin Thomas 0-0: Ball
1-0: Called Strike
1-1: Ball
2-1: 3-RUN HOME RUN (Flyball, 9D, EV 98.8 MPH), Distance : 365 ft
Batting: RHB Manuel Ramos 0-0: Swinging Strike
0-1: Ground out 6-3 (Groundball, 6, EV 97.5 MPH)
Batting: RHB Garm van Opdorp 0-0: Foul Ball, location: 2F
0-1: Called Strike
0-2: Strikes out swinging, 2-3 out at first.
Batting: LHB Michael Witt 0-0: Ball
1-0: Swinging Strike
1-1: Ball
2-1: Foul Ball, location: 2F
2-2: Foul Ball, location: 2F
2-2: Foul Ball, location: 2F
2-2: Foul Ball, location: 2F
2-2: Ball
3-2: Strikes out swinging
Top of the 1st over - 3 runs, 3 hits, 0 errors, 0 left on base; Chicago 3 - Charleston 0
BOTTOM OF THE 1ST
Charleston Battery batting - Pitching for Chicago Silver Sox : RHP Rhys Maskell
Pitching: RHP Rhys Maskell
Batting: RHB Mike Case 0-0: Called Strike
0-1: Ball
1-1: Ground out 4-3 (Groundball, 4, EV 88.8 MPH)
Batting: LHB Datu Lesaca 0-0: Foul Ball, location: 2F
0-1: Ball
1-1: Ball
2-1: Ball
3-1: Foul Ball, location: 2F
3-2: Strikes out looking
Batting: LHB Joey Coco 0-0: Called Strike
0-1: Foul Ball, location: 2F
0-2: Foul Ball, location: 2F
0-2: Ground out 1-3 (Groundball, P, EV 75.6 MPH)
Bottom of the 1st over - 0 runs, 0 hits, 0 errors, 0 left on base; Chicago 3 - Charleston 0
TOP OF THE 2ND
Chicago Silver Sox batting - Pitching for Charleston Battery : LHP Hildebrand Michielsen
Batting: LHB Chris Fitzgerald 0-0: Ball
1-0: Ball
2-0: Ball
3-0: Called Strike
3-1: Called Strike
3-2: DOUBLE (Groundball, 3L, EV 101.2 MPH)
Batting: SHB Miguel Herrera 0-0: Ball
1-0: Fly out, F8 (Flyball, 8LM, EV 84.4 MPH)
Batting: SHB Gerrie Bond 0-0: Ball
1-0: Fly out, F7 (Flyball, 7S, EV 78.1 MPH)
Batting: RHB Loring Rommel 0-0: Called Strike
0-1: Ball
1-1: Called Strike
1-2: Foul Ball, location: 2F
1-2: Ball
2-2: Foul Ball, location: 2F
2-2: Ball
3-2: Foul Ball, location: 2F
3-2: Fly out, F8 (Flyball, 89M, EV 93.1 MPH)
Top of the 2nd over - 0 runs, 1 hit, 0 errors, 1 left on base; Chicago 3 - Charleston 0
BOTTOM OF THE 2ND
Charleston Battery batting - Pitching for Chicago Silver Sox : RHP Rhys Maskell
Batting: SHB Jasper Morrison 0-0: Ball
1-0: Ball
2-0: Called Strike
2-1: Foul Ball, location: 2F
2-2: Foul Ball, location: 2F
2-2: Strikes out swinging
Batting: LHB Spencer Powell 0-0: Ball
1-0: Foul Ball, location: 2F
1-1: Ball
2-1: Swinging Strike
2-2: Foul Ball, location: 2F
2-2: Ball
3-2: Ground out 4-3 (Groundball, 4, EV 80.0 MPH)
Batting: RHB Paco Muñóz 0-0: Called Strike
0-1: Foul Ball, location: 2F
0-2: Foul Ball, location: 2F
0-2: Ground out 6-3 (Groundball, 4MS, EV 68.8 MPH)
Bottom of the 2nd over - 0 runs, 0 hits, 0 errors, 0 left on base; Chicago 3 - Charleston 0
TOP OF THE 3RD
Chicago Silver Sox batting - Pitching for Charleston Battery : LHP Hildebrand Michielsen
Batting: LHB Jonathan Gunner 0-0: Ground out 4-3 (Groundball, 4, EV 86.2 MPH)
Batting: RHB Melvin Thomas 0-0: Ball
1-0: Ball
2-0: Called Strike
2-1: DOUBLE (Line Drive, 9LD, EV 103.8 MPH)
Batting: RHB Manuel Ramos 0-0: Ball
1-0: Fly out, F9 (Flyball, 89D, EV 93.1 MPH)
Runner from 2nd tags up, SAFE at 3rd, no throw by RF
Batting: RHB Garm van Opdorp 0-0: Ground out 5-3 (Groundball, 56, EV 95.0 MPH)
Top of the 3rd over - 0 runs, 1 hit, 0 errors, 1 left on base; Chicago 3 - Charleston 0
BOTTOM OF THE 3RD
Charleston Battery batting - Pitching for Chicago Silver Sox : RHP Rhys Maskell
Batting: RHB Moriz Ayushiev 0-0: Called Strike
0-1: Swinging Strike
0-2: Ball
1-2: SINGLE (Line Drive, 6MD, EV 98.1 MPH)
Batting: RHB Torajiro Ogawa 0-0: Foul Ball, location: 2F
0-1: Ball
1-1: Foul Ball, location: 2F
1-2: Ball
2-2: Strikes out looking
Batting: RHB Mikko Haataja 0-0: Fly out, F6 (Popup, 6MD, EV 54.4 MPH)
Batting: RHB Mike Case 0-0: Called Strike
0-1: Foul Ball, location: 2F
0-2: Ball
1-2: Ball
2-2: Ground out 6-3 (Groundball, 6S, EV 73.1 MPH)
Bottom of the 3rd over - 0 runs, 1 hit, 0 errors, 1 left on base; Chicago 3 - Charleston 0
TOP OF THE 4TH
Chicago Silver Sox batting - Pitching for Charleston Battery : LHP Hildebrand Michielsen
Batting: LHB Michael Witt 0-0: SOLO HOME RUN (Flyball, 9LD, EV 88.1 MPH), Distance : 333 ft
Batting: LHB Chris Fitzgerald 0-0: Called Strike
0-1: SINGLE (Line Drive, 78M, EV 106.9 MPH)
Batting: SHB Miguel Herrera 0-0: Called Strike
0-1: Ball
1-1: Fly out, F7 (Flyball, 7, EV 88.8 MPH)
Batting: SHB Gerrie Bond 0-0: Grounds into double play, 6-4-3 (Groundball, 6, EV 86.2 MPH)
Top of the 4th over - 1 run, 2 hits, 0 errors, 0 left on base; Chicago 4 - Charleston 0
BOTTOM OF THE 4TH
Charleston Battery batting - Pitching for Chicago Silver Sox : RHP Rhys Maskell
Batting: LHB Datu Lesaca 0-0: Ball
1-0: Foul Ball, location: 2F
1-1: Foul Ball, location: 2F
1-2: Ball
2-2: Ball
3-2: Foul Ball, location: 2F
3-2: Ground out 4-3 (Groundball, 4, EV 95.0 MPH)
Batting: LHB Joey Coco 0-0: Called Strike
0-1: Ball
1-1: Fly out, F6 (Popup, 6, EV 66.2 MPH)
Batting: SHB Jasper Morrison 0-0: Ball
1-0: Called Strike
1-1: Foul Ball, location: 2F
1-2: Ball
2-2: Strikes out looking
Bottom of the 4th over - 0 runs, 0 hits, 0 errors, 0 left on base; Chicago 4 - Charleston 0
TOP OF THE 5TH
Chicago Silver Sox batting - Pitching for Charleston Battery : LHP Hildebrand Michielsen
Batting: RHB Loring Rommel 0-0: Called Strike
0-1: Fly out, F9 (Flyball, 9LS, EV 93.1 MPH)
Batting: LHB Jonathan Gunner 0-0: Ball
1-0: Called Strike
1-1: Ball
2-1: Ball
3-1: Foul Ball, location: 2F
3-2: Foul Ball, location: 2F
3-2: Foul Ball, location: 2F
3-2: Foul Ball, location: 2F
3-2: Foul Ball, location: 2F
3-2: Foul Ball, location: 2F
3-2: Fly out, F7 (Line Drive, 7, EV 95.6 MPH)
Batting: RHB Melvin Thomas 0-0: Ground out 6-3 (Groundball, 6, EV 102.5 MPH)
Top of the 5th over - 0 runs, 0 hits, 0 errors, 0 left on base; Chicago 4 - Charleston 0
BOTTOM OF THE 5TH
Charleston Battery batting - Pitching for Chicago Silver Sox : RHP Rhys Maskell
Batting: LHB Spencer Powell 0-0: Ball
1-0: Called Strike
1-1: Ball
2-1: Ground out 4-3 (Groundball, 4, EV 110.0 MPH)
Batting: RHB Paco Muñóz 0-0: Ball
1-0: Ball
2-0: Ball
3-0: Base on Balls
Batting: RHB Moriz Ayushiev 0-0: SINGLE (Groundball, 34D, EV 96.2 MPH)
Paco Muñóz to second
Runner from 2nd tries for 3rd, OUT! 9-5
Now in RF: Ricardo Mireles
Batting: RHB Torajiro Ogawa 0-0: Ground out 6-3 (Groundball, 6S, EV 86.2 MPH)
Bottom of the 5th over - 0 runs, 1 hit, 0 errors, 1 left on base; Chicago 4 - Charleston 0
TOP OF THE 6TH
Chicago Silver Sox batting - Pitching for Charleston Battery : LHP Hildebrand Michielsen
Batting: RHB Manuel Ramos 0-0: Ground out 4-3 (Groundball, 4M, EV 98.8 MPH)
Batting: RHB Garm van Opdorp 0-0: Foul Ball, location: 2F
0-1: Swinging Strike
0-2: Ball
1-2: SINGLE (Groundball, 6MD, EV 96.9 MPH)
Batting: LHB Michael Witt 0-0: Foul Ball, location: 2F
0-1: Called Strike
0-2: Ball
1-2: Foul Ball, location: 2F
1-2: Fielders Choice at 2nd, 6-4 (Groundball, 6, EV 100.6 MPH)
Batting: LHB Chris Fitzgerald 0-0: Ball
1-0: Called Strike
1-1: Foul Ball, location: 2F
1-2: Ball
2-2: SINGLE (Line Drive, 34, EV 100.6 MPH)
Michael Witt to second
Batting: SHB Miguel Herrera 0-0: Ball
1-0: Ball
2-0: Called Strike
2-1: Foul Ball, location: 2F
2-2: Foul Ball, location: 2F
2-2: SINGLE (Groundball, 56D, EV 111.2 MPH)
Michael Witt to third
Chris Fitzgerald to second
Runner from 3rd tries for Home, SAFE, throw by LF to home
Pitching: LHP Rafael Rivera
Batting: RHB Ricardo Mireles 0-0: Foul Ball, location: 2F
0-1: Ball
1-1: Foul Ball, location: 2F
1-2: Strikes out looking
Top of the 6th over - 1 run, 3 hits, 0 errors, 2 left on base; Chicago 5 - Charleston 0
BOTTOM OF THE 6TH
Charleston Battery batting - Pitching for Chicago Silver Sox : RHP Rhys Maskell
Batting: RHB Mikko Haataja 0-0: Swinging Strike
0-1: Ball
1-1: Ground out 6-3 (Groundball, 6, EV 81.2 MPH)
Batting: RHB Mike Case 0-0: Foul Ball, location: 2F
0-1: Ball
1-1: Fly out, F7 (Flyball, 7S, EV 89.4 MPH)
Batting: LHB Datu Lesaca 0-0: Called Strike
0-1: Swinging Strike
0-2: Strikes out looking
Bottom of the 6th over - 0 runs, 0 hits, 0 errors, 0 left on base; Chicago 5 - Charleston 0
TOP OF THE 7TH
Chicago Silver Sox batting - Pitching for Charleston Battery : LHP Rafael Rivera
Batting: RHB Loring Rommel 0-0: Foul Ball, location: 2F
0-1: Swinging Strike
0-2: SINGLE (Groundball, 56D, EV 95.0 MPH)
Batting: LHB Jonathan Gunner 0-0: Called Strike
0-1: Ball
1-1: Ball
2-1: Ball
3-1: Grounds into double play, 4-6-3 (Groundball, 4M, EV 85.0 MPH)
Batting: RHB Melvin Thomas 0-0: Foul Ball, location: 2F
0-1: Called Strike
0-2: Strikes out looking
Top of the 7th over - 0 runs, 1 hit, 0 errors, 0 left on base; Chicago 5 - Charleston 0
BOTTOM OF THE 7TH
Charleston Battery batting - Pitching for Chicago Silver Sox : RHP Rhys Maskell
Batting: LHB Joey Coco 0-0: Fly out, F8 (Flyball, 8RM, EV 78.1 MPH)
Batting: SHB Jasper Morrison 0-0: Ball
1-0: Ball
2-0: Called Strike
2-1: Swinging Strike
2-2: Strikes out looking
Batting: LHB Spencer Powell 0-0: SINGLE (Flyball, 89S, EV 89.4 MPH)
Batting: RHB Paco Muñóz 0-0: Called Strike
0-1: Ball
1-1: Ball
2-1: Ball
3-1: Called Strike
3-2: Strikes out swinging
Bottom of the 7th over - 0 runs, 1 hit, 0 errors, 1 left on base; Chicago 5 - Charleston 0
TOP OF THE 8TH
Chicago Silver Sox batting - Pitching for Charleston Battery : LHP Rafael Rivera
Batting: RHB Manuel Ramos 0-0: Ground out 5-3 (Groundball, 56, EV 103.1 MPH)
Batting: RHB Garm van Opdorp 0-0: Reached on error, E5 (Groundball, 5, EV 93.8 MPH)
Batting: LHB Michael Witt 0-0: Foul Ball, location: 2F
0-1: Called Strike
0-2: Ball
1-2: Ball
2-2: Strikes out swinging
Batting: LHB Chris Fitzgerald 0-0: Called Strike
0-1: SINGLE (Line Drive, 6MD, EV 93.8 MPH)
Garm van Opdorp to second
Batting: SHB Miguel Herrera 0-0: Swinging Strike
0-1: Ball
1-1: Ground out 1-3 (Groundball, 34S, EV 86.9 MPH)
Top of the 8th over - 0 runs, 1 hit, 1 error, 2 left on base; Chicago 5 - Charleston 0
BOTTOM OF THE 8TH
Charleston Battery batting - Pitching for Chicago Silver Sox : RHP Rhys Maskell
Batting: RHB Moriz Ayushiev 0-0: SINGLE (Groundball, 56D, EV 98.8 MPH)
Batting: RHB Torajiro Ogawa 0-0: Ball
1-0: Called Strike
1-1: Foul Ball, location: 2F
1-2: Strikes out swinging
Batting: RHB Mikko Haataja 0-0: Ball
1-0: Foul Ball, location: 2F
1-1: Foul Ball, location: 2F
1-2: Fly out, F7 (Flyball, 78M, EV 81.2 MPH)
Batting: RHB Mike Case 0-0: Called Strike
0-1: Ball
1-1: Ball
2-1: Foul Ball, location: 2F
2-2: Ball
3-2: Ground out 6-3 (Groundball, 6, EV 79.4 MPH)
Bottom of the 8th over - 0 runs, 1 hit, 0 errors, 1 left on base; Chicago 5 - Charleston 0
TOP OF THE 9TH
Chicago Silver Sox batting - Pitching for Charleston Battery : LHP Rafael Rivera
Batting: RHB Ricardo Mireles 0-0: Called Strike
0-1: Swinging Strike
0-2: Ball
1-2: Ball
2-2: Ball
3-2: Foul Ball, location: 2F
3-2: Foul Ball, location: 2F
3-2: Foul Ball, location: 2F
3-2: Fly out, F8 (Line Drive, 8RM, EV 88.8 MPH)
Batting: RHB Loring Rommel 0-0: Called Strike
0-1: Called Strike
0-2: Ball
1-2: Ball
2-2: Strikes out swinging
Batting: LHB Jonathan Gunner 0-0: Called Strike
0-1: SINGLE (Line Drive, 56D, EV 111.9 MPH)
Batting: RHB Melvin Thomas 0-0: Fly out, F8 (Flyball, 78M, EV 86.2 MPH)
Top of the 9th over - 0 runs, 1 hit, 0 errors, 1 left on base; Chicago 5 - Charleston 0
BOTTOM OF THE 9TH
Charleston Battery batting - Pitching for Chicago Silver Sox : RHP Rhys Maskell
Batting: LHB Datu Lesaca 0-0: Ball
1-0: Foul Ball, location: 2F
1-1: Called Strike
1-2: Foul Ball, location: 2F
1-2: Strikes out swinging
Batting: LHB Joey Coco 0-0: Swinging Strike
0-1: Foul Ball, location: 2F
0-2: SINGLE (Line Drive, 89M, EV 95.6 MPH)
Batting: SHB Jasper Morrison 0-0: Ball
1-0: Ball
2-0: Ball
3-0: Called Strike
3-1: Called Strike
3-2: DOUBLE (Line Drive, 78M, EV 106.9 MPH)
Joey Coco to third
Joey Coco scores
Pitching: RHP Oliver Rodríguez
Batting: LHB Spencer Powell 0-0: Ball
1-0: Called Strike
1-1: Foul Ball, location: 2F
1-2: Ball
2-2: Foul Ball, location: 2F
2-2: Strikes out swinging
Batting: RHB Paco Muñóz 0-0: Called Strike
0-1: Called Strike
0-2: Fly out, F7 (Line Drive, 7, EV 89.4 MPH)
Bottom of the 9th over - 1 run, 2 hits, 0 errors, 1 left on base; Chicago 5 - Charleston 1
Friday, April 17th, 2020 - OOTP Baseball 20.8 Build 74